 Dungeon Crawl Stone Soup version 0.31-a0-431-g88bdf31460 (webtiles) character file.

Game seed: 4459649919495124354

889 LeprechaunX the Changeling (level 8, -9/54 HPs)
             Began as an Octopode Shapeshifter on July 31, 2023.
             Killed from afar by a steam dragon (17 damage)
             ... with a ball of steam
             ... on level 5 of the Dungeon.
             The game lasted 00:04:29 (3073 turns).

LeprechaunX the Changeling (Octopode Shapeshifter)  Turns: 3073, Time: 00:04:29

Health: -9/54      AC:  1    Str: 17    XL:     8   Next: 6%
Magic:  8/8        EV: 14    Int: 10    God:
Gold:   224        SH:  0    Dex: 15    Spells: 7/7 levels left

rFire   . . .        i - +9 hand axe "Gifraepe" {holy, rElec Dex+3}
rCold   . . .        (no shield)
rNeg    . . .        (helmet currently unavailable)
rPois   .            (no amulet)
rElec   +            j - ring of willpower
rCorr   .            (no ring)
SInv    .            (no ring)
Will    +....        (no ring)
Stlth   ++           (no ring)
HPRegen 0.29/turn    (no ring)
MPRegen 0.11/turn    (no ring)
                     (no ring)

%: no passive effects
@: beast-form
A: beast (slay +4), almost no armour, amphibious, 8 rings, camouflage 1,
gelatinous body 1, (nimble swimmer 1), tentacles
a: Begin Untransformation


You were on level 5 of the Dungeon.
You were a hulking beast.
You visited 1 branch of the dungeon, and saw 5 of its levels.

You collected 224 gold pieces.

Inventory:

Hand Weapons
 i - the +9 hand axe "Gifraepe" (weapon) {holy, rElec Dex+3}
   (You found it on level 2 of the Dungeon)

   Dex:       It affects your dexterity (+3).
   rElec:     It insulates you from electricity.
 s - the +9 long sword of Ekonuagh {pain, Str+3 Int+3}
   (You found it on level 5 of the Dungeon)

   Str:       It affects your strength (+3).
   Int:       It affects your intelligence (+3).
Jewellery
 j - a ring of willpower (left tentacle)
Talismans
 b - a beast talisman (active)
 p - a blade talisman
Scrolls
 d - 4 scrolls of immolation {unknown}
 e - 2 scrolls of revelation {unknown}
 f - a scroll of silence {unknown}
 g - a scroll of poison {unknown}
 h - a scroll of teleportation {unknown}
 k - 2 scrolls of fear {unknown}
 m - a scroll of butterflies {unknown}
 n - a scroll of enchant weapon {unknown}
 o - a scroll of enchant armour {unknown}
 q - 4 scrolls of identify {unknown}
Potions
 a - 3 potions of lignification
 c - 2 potions of mutation {unknown}
 l - 4 potions of curing {unknown}
 r - a potion of heal wounds {unknown}


   Skills:
 - Level 4.0 Fighting
 - Level 4.0 Dodging
 - Level 4.0 Unarmed Combat
 * Level 6.2 Shapeshifting


You had 7 spell levels left.
You didn't know any spells.
Your spell library contained the following spells:

 Spells                   Type           Power      Damage    Failure   Level
 Necrotise                Necr           0%         1d4       36%         1
 Sting                    Tmut/Pois      0%         1d3       36%         1
 Summon Small Mammal      Summ           0%         N/A       36%         1
 Ensorcelled Hibernation  Hex/Ice        0%         N/A       50%         2
 Passwall                 Tmut/Erth      0%         N/A       50%         2
 Wereblood                Tmut           0%         N/A       50%         2
 Call Canine Familiar     Summ           0%         N/A       75%         3
 Portal Projectile        Hex/Tloc       0%         N/A       75%         3
 Summon Guardian Golem    Hex/Summ       0%         N/A       75%         3
 Swiftness                Air            0%         N/A       75%         3
 Tukima's Dance           Hex            0%         N/A       75%         3
 Vampiric Draining        Necr           0%         2d6       75%         3
 Vhi's Electric Charge    Tloc/Air       0%         N/A       75%         3
 Iskenderun's Mystic Bla  Conj/Tloc      0%         2d3       98%         4
 Agony                    Necr           0%         N/A       100%        5
 Arcjolt                  Conj/Air       0%         1d10      100%        5
 Irradiate                Conj/Tmut      0%         3d11      100%        5
 Plasma Beam              Fire/Air       0%         2x1d10    100%        6


Dungeon Overview and Level Annotations

Branches:
Dungeon (5/15)
 Temple: D:4-7

Altars:
Cheibriados
Qazlal
Sif Muna
Vehumet

Annotations:
D:4 1 runed translucent door, Crazy Yiuf


Innate Abilities, Weirdness & Mutations

You are a hulking beast.
Your limbs bulge with bestial killing power. (Slay +4)
You cannot wear most types of armour.
You are amphibious.
You can wear up to eight rings at the same time.
Your skin changes colour to match your surroundings (Stealth+).
Your rubbery body absorbs attacks. (AC +1, EV +1)
((You are camouflaged when in or above water. (Stealth+)))
You have tentacles for arms and can constrict up to eight enemies at once.


Message History

An orc and a phantom come into view.
There are monsters nearby!
An iguana comes into view.
The phantom hits you.
The phantom blinks!
You blink.
Found a chain mail.
Found an escape hatch in the ceiling.
You hit the phantom.
The phantom convulses.
You squeeze the phantom.
The phantom is heavily damaged.
The orc shouts!
The phantom hits you.
The phantom blinks!
You blink.
A steam dragon comes into view.
The steam dragon hisses angrily.
You hit the phantom.
The phantom convulses.
The phantom is almost destroyed.
You hit the iguana. The phantom closely misses you. The iguana bites you!
The orc closely misses you. The iguana bites you! The phantom hits you.
* * * LOW HITPOINT WARNING * * *
The phantom blinks!
You blink.
You miss the phantom.
The phantom is almost destroyed.
The phantom closely misses you.
Unknown command.
The phantom attacks as you move away! The phantom misses you.
The orc hits you with a +0 club.
* * * LOW HITPOINT WARNING * * *
The iguana bites you.
* * * LOW HITPOINT WARNING * * *
Unknown command.
You hit the orc. Your grab misses the orc.
You squeeze the orc, but do no damage.
The orc is almost dead.
You slash the phantom!
You destroy the phantom!
The orc hits you with a +0 club.
* * * LOW HITPOINT WARNING * * *
You have reached level 8!
The steam dragon breathes steam at you.
The ball of steam hits the orc!
The orc dies!
The ball of steam hits you!
You die...

..........#.# .#
#.....#..##.# .# #
..#........#.# ##
.......#..##.#.#######...
##..#D....#...##........
#.....................<.
.......#§l.#.=....(......
.#...#.##§##...<.........
##. #....h..............
..........)............[
########.................
...................
####................
##...............
####>...##..#### ###.####
#. #.....#


You could see an iguana.

Vanquished Creatures
  An ice beast (D:4)
  An ogre (D:3)
  3 phantoms
  An orc priest (D:5)
  2 hounds
  A jelly (D:4)
  An iron imp (D:4)
  An iguana (D:5)
  7 orc wizards
  5 adders
  4 worms
  4 dart slugs
  9 orcs
  10 endoplasms
  A giant cockroach (D:3)
  10 goblins
  3 hobgoblins
  6 quokkas
  11 ball pythons
  2 bats
  7 kobolds
  4 rats
94 creatures vanquished.

Vanquished Creatures (others)
  An orc (D:5)
1 creature vanquished.

Grand Total: 95 creatures vanquished

Notes
Turn   | Place    | Note
-------+----------+-------------------------------------------
     0 | D:1      | LeprechaunX the Octopode Shapeshifter began the quest for
                  | the Orb.
     0 | D:1      | Reached XP level 1. HP: 13/13 MP: 1/1
   105 | D:1      | Reached XP level 2. HP: 15/18 MP: 2/2
   491 | D:2      | Identified the +9 hand axe "Gifraepe" {holy, rElec Dex+3}
   495 | D:2      | Reached XP level 3. HP: 23/23 MP: 3/3
   655 | D:2      | You fall into a shaft and drop 1 floor!
   691 | D:3      | Reached XP level 4. HP: 29/29 MP: 4/4
   798 | D:2      | Found a radiant altar of Vehumet.
   960 | D:2      | Found a faded altar of an unknown god.
  1204 | D:3      | Reached XP level 5. HP: 20/35 MP: 5/5
  1293 | D:3      | Found a shimmering blue altar of Sif Muna.
  1361 | D:3      | Got Sif Muna's Precepts of Shaping
  1623 | D:3      | Reached skill level 4 in Shapeshifting
  1635 | D:3      | Noticed an ogre
  1639 | D:3      | Found a stormy altar of Qazlal.
  1651 | D:3      | Killed an ogre
  1652 | D:3      | Reached XP level 6. HP: 41/41 MP: 6/6
  1763 | D:4      | Noticed an ice beast
  1769 | D:4      | Killed an ice beast
  1778 | D:4      | Reached XP level 7. HP: 44/46 MP: 7/7
  1896 | D:4      | Found a snail-covered altar of Cheibriados.
  1959 | D:4      | Reached skill level 5 in Shapeshifting
  2268 | D:4      | Found a runed translucent door.
  2269 | D:4      | Noticed Crazy Yiuf
  2841 | D:5      | Entered Level 5 of the Dungeon
  2882 | D:5      | Identified the +9 long sword of Ekonuagh {pain, Str+3
                  | Int+3}
  3014 | D:5      | Reached skill level 6 in Shapeshifting
  3067 | D:5      | Noticed a steam dragon
  3073 | D:5      | Reached XP level 8. HP: 8/54 MP: 8/8
  3073 | D:5      | Killed from afar by a steam dragon

Illustrated notes

Levels and vault maps discovered:
D:1:      scummos_arrival_forest, layout_rooms, chequers_serial_rivers_micro_d
D:2:      layout_basic, dreamdust_ecumenical_altar_angels_and_demons,
          basic_altar, minmay_pentomino_z4
D:3:      layout_basic, nicolae_qazlal_scattered_showers, led_sif_book
D:4:      layout_basic, slow_altar_1, uniq_crazy_yiuf_cottage
D:5:      layout_rooms, hangedman_decor_clover_reticule

Skill      XL: |  1  2  3  4  5  6  7 |
---------------+----------------------+-----
Fighting       | 2 3 4 |  4.0
Dodging        | 3 4 |  4.0
Shapeshifting  | 4 6 |  6.2
Unarmed Combat | 4 |  4.0

Action                     |  1- 3 |  4- 6 |  7- 9 || total
---------------------------+-------+-------+-------++-------
  Melee: Unarmed           |    25 |       |       ||    25
         Constrict         |     9 |    13 |    11 ||    33
         Tentacles         |     4 |    13 |    12 ||    29
         Hand axe          |    13 |    54 |    50 ||   117
         Punch             |     1 |     1 |     1 ||     3
   Stab: Sleeping          |     7 |     5 |     7 ||    19
         Distracted        |       |     1 |       ||     1
 Armour: Skin              |     1 |     2 |       ||     3
  Dodge: Dodged            |    15 |    29 |    32 ||    76

Table legend: (Time is in decaauts)
 A = Elapsed time spent in this place.
 B = Non-inter-level travel time spent in this place.
 C = Inter-level travel time spent in this place.
 D = Time resting spent in this place.
 E = Time spent auto-exploring this place.
 F = Levels seen in this place.
 G = Mean time per level.
                   A        B        C        D        E       F      G
               +--------+--------+--------+--------+--------+-----+--------+
         Total |   3104 |   3014 |     90 |     50 |   2377 |   5 |  620.8 |
       Dungeon |   3104 |   3014 |     90 |     50 |   2377 |   5 |  620.8 |
               +--------+--------+--------+--------+--------+-----+--------+

Top non-repeatable levels by time:
     D:4: 1142 daAuts
     D:2: 657 daAuts
     D:3: 642 daAuts
     D:1: 477 daAuts
     D:5: 184 daAuts
